[Event "Titled Tuesday Blitz May 10 Late 2022"]
[White "Prieto Aranguren, Alain"]
[Black "Ricaurte Lopez, Juan Carlos"]
[WhiteFideId "2268906"]
[BlackFideId "3600327"]
[WhiteElo "2235"]
[BlackElo "2209"]
[Result "1-0"]
[Round "09"]
[TimeControl "180+1"]
[Date "2022.05.11"]
[WhiteClock "0:00:44"]
[BlackClock "0:00:02"]

1. d4 d5 2. Nf3 e6 3. c4 c6 4. Nc3 f5 5. g4 fxg4 6. Ne5 Nf6 7. h3 Nbd7 8. Nxd7 Bxd7 9. hxg4 Nxg4 10. e4 Nf6 11. e5 Ne4 12. Nxe4 dxe4 13. Qh5+ g6 14. Qg4 Bb4+ 15. Ke2 O-O 16. Bg5 Be7 17. Bh6 Rf5 18. Qxe4 c5 19. d5 Bg5 20. Rd1 Bxh6 21. Rxh6 Qg5 22. Qh4 Rxe5+ 23. Kd3 Qxh4 24. Rxh4 exd5 25. f4 Bf5+ 26. Kc3 Re3+ 27. Kd2 d4 28. Bg2 Rae8 29. Bd5+ Kg7 30. Rh2 b6 31. a4 Rd3+ 32. Kc1 Rxd1+ 33. Kxd1 Re3 34. Kd2 h5 35. a5 Kf6 36. Rh1 bxa5 37. Ra1 Be4 38. Rxa5 Kf5 39. Rxc5 Kxf4 40. Rc6 g5 41. Rf6+ Kg4 42. Rf2 Kg3 43. Rf1 Bxd5 44. cxd5 Re5 45. Kd3 Rxd5 46. Ke4 Rd8 47. Rg1+ 1-0


[Site "https://www.chess.com"]

[Event "Titled Tuesday Blitz May 10 Late 2022"]
[White "Przybylski, Wojciech"]
[Black "Hardaway, Brewington"]
[WhiteFideId "1117599"]
[BlackFideId "30941849"]
[WhiteElo "2133"]
[BlackElo "1768"]
[Result "0-1"]
[Round "09"]
[TimeControl "180+1"]
[Date "2022.05.11"]
[WhiteClock "0:00:01"]
[BlackClock "0:01:05"]

1. d4 Nf6 2. c4 e6 3. Nc3 c5 4. d5 exd5 5. cxd5 a6 6. a4 d6 7. g3 g6 8. Bg2 Bg7 9. Nf3 O-O 10. O-O Nbd7 11. a5 Rb8 12. Nd2 b5 13. e4 b4 14. Ne2 Ne5 15. Qc2 Bd7 16. f4 Neg4 17. Nc4 Bb5 18. h3 Nh6 19. g4 Nhxg4 20. e5 dxe5 21. fxe5 Nxe5 22. Nxe5 Nxd5 23. Qxc5 Bxe5 24. Bxd5 Bxe2 25. Re1 Qh4 26. Qf2 Bg3 27. Qxe2 Bxe1 28. Be3 Bg3 29. Rf1 Rbe8 30. Qd2 Qxh3 31. Bc5 Qg4 32. Bxf8 Bf4+ 33. Qg2 Be3+ 34. Kh1 Qh5+ 35. Qh2 Qxd5+ 36. Qg2 Qxg2+ 37. Kxg2 Kxf8 38. Rd1 Re5 39. Kf3 Bg5 40. Rd4 Be7 41. Rc4 Rxa5 42. Rc8+ Kg7 43. Ke4 f5+ 44. Kd3 Bf6 45. Rc7+ Kh6 46. Rc2 Rd5+ 47. Kc4 b3 0-1


[Site "https://www.chess.com"]

[Event "Titled Tuesday Blitz May 10 Late 2022"]
[White "Qashashvili, Alexandre"]
[Black "Vujic, Mihailo"]
[WhiteFideId "13600842"]
[BlackFideId "918873"]
[WhiteElo "2316"]
[BlackElo "2256"]
[Result "1/2-1/2"]
[Round "09"]
[TimeControl "180+1"]
[Date "2022.05.11"]
[WhiteClock "0:00:47"]
[BlackClock "0:00:03"]

1. e4 e5 2. Nc3 Nc6 3. Nf3 Nf6 4. d4 exd4 5. Nxd4 Nxe4 6. Nxc6 Nxc3 7. Nxd8 Nxd1 8. Nxf7 Kxf7 9. Kxd1 d5 10. Bd3 Bc5 11. f3 g6 12. Bf4 c6 13. Kd2 Bf5 14. Bxf5 gxf5 15. Rae1 Rhe8 16. Rxe8 Rxe8 17. Re1 Rxe1 18. Kxe1 Ke6 19. Ke2 Bd4 20. c3 Be5 21. Bxe5 Kxe5 22. g3 c5 23. Kd3 b5 24. f4+ Kd6 25. h3 h5 26. Ke3 a5 27. Kf3 d4 28. cxd4 cxd4 29. Ke2 Kc5 30. Kd3 Kd5 31. b3 Kc5 32. a3 b4 33. a4 Kd5 34. h4 Kc5 35. Ke2 Kc6 36. Kd2 Kd6 37. Ke2 Kc5 38. Kd2 Kc6 39. Kc2 Kc5 40. Kd2 Kc6 41. Kc2 Kc5 42. Kd2 1/2-1/2


[Site "https://www.chess.com"]

[Event "Titled Tuesday Blitz May 10 Late 2022"]
[White "Ramirez Vido, Robert Yorisan"]
[Black "Curtis, John"]
[WhiteFideId "3513823"]
[BlackFideId "3200256"]
[WhiteElo "2345"]
[BlackElo "2203"]
[Result "1-0"]
[Round "09"]
[TimeControl "180+1"]
[Date "2022.05.11"]
[WhiteClock "0:00:08"]
[BlackClock "0:00:11"]

1. Nf3 d5 2. g3 c6 3. Bg2 Bf5 4. O-O Nd7 5. d3 Ngf6 6. Nbd2 h6 7. Re1 Bh7 8. b3 e6 9. Bb2 Qa5 10. e4 dxe4 11. dxe4 Bb4 12. Nc4 Qc7 13. c3 Be7 14. e5 Ne4 15. Qc2 b5 16. Ne3 Nxg3 17. Qd1 Nf5 18. Nxf5 Bxf5 19. Nd4 O-O 20. Bxc6 Rad8 21. Nxf5 exf5 22. Bxb5 Nxe5 23. Qe2 Bf6 24. c4 Ng4 25. f3 Bxb2 26. Qxb2 Ne5 27. Qxe5 Qb6+ 28. Qe3 Qg6+ 29. Kh1 f4 30. Qe4 Rd2 31. Qxg6 fxg6 32. c5 Rf5 33. Bc4+ Kh7 34. c6 Rh5 35. Re2 Rxe2 36. Bxe2 Rc5 37. Rd1 Rxc6 38. Rd2 g5 39. b4 g6 40. b5 Rc1+ 41. Kg2 h5 42. Rb2 Kh6 43. h3 Rc3 44. a4 g4 45. hxg4 hxg4 46. fxg4 Kg5 47. a5 f3+ 48. Bxf3 Kf4 49. Be2 Ra3 50. b6 axb6 51. axb6 Ra8 52. b7 Rb8 53. Bf3 g5 54. Rb4+ Ke5 55. Re4+ Kd6 56. Rc4 Rxb7 57. Bxb7 Ke5 58. Rc5+ Kf4 59. Bc8 Ke4 60. Rxg5 Kf4 61. Rf5+ Kxg4 62. Rf3+ Kg5 63. Ba6 Kg6 64. Kg3 Kg5 65. Rf4 Kg6 66. Kg4 Kg7 67. Rb4 Kg6 68. Rb6+ Kg7 69. Kf5 Kf7 70. Rb7+ Ke8 71. Ke6 Kd8 72. Rh7 Ke8 73. Rh8# 1-0


[Site "https://www.chess.com"]

[Event "Titled Tuesday Blitz May 10 Late 2022"]
[White "Rorrer, Grayson"]
[Black "Martic, Ivan"]
[WhiteFideId "30944996"]
[BlackFideId "929301"]
[WhiteElo "2122"]
[BlackElo "2317"]
[Result "0-1"]
[Round "09"]
[TimeControl "180+1"]
[Date "2022.05.10"]
[WhiteClock "0:00:01"]
[BlackClock "0:00:03"]

1. e4 c5 2. Nf3 e6 3. d4 cxd4 4. Nxd4 a6 5. c4 Nf6 6. Nc3 Qc7 7. a3 d6 8. Be2 b6 9. O-O Bb7 10. f3 Nbd7 11. Be3 Be7 12. Rc1 O-O 13. Qd2 Rac8 14. Rfd1 Rfe8 15. b4 Qb8 16. Nb3 Kh8 17. Bf4 Ne5 18. Qd4 Nxf3+ 19. Bxf3 e5 20. Bxe5 dxe5 21. Qxb6 Rxc4 22. Na5 Rc7 23. Nd5 Rxc1 24. Rxc1 Bxd5 25. Qxb8 Rxb8 26. exd5 e4 27. Nc6 Rc8 28. Rd1 Bd6 29. Be2 Ra8 30. a4 h5 31. h3 h4 32. Kf2 Nd7 33. Ke3 f5 34. b5 axb5 35. axb5 Ra3+ 36. Kd4 Bc5+ 37. Kc4 Ra2 38. Bf1 e3 39. Kd3 Bb6 40. d6 f4 41. Ke4 e2 42. Bxe2 Rxe2+ 43. Kxf4 Rxg2 44. Ne5 Rf2+ 45. Ke4 Nf6+ 46. Kd3 Rh2 47. d7 Rxh3+ 48. Kc4 Re3 49. Nf7+ Kh7 50. Rd6 Bc7 51. b6 Bxb6 52. Ng5+ Kh8 53. Rxb6 Nxd7 54. Rd6 Re7 55. Rd5 g6 56. Rd4 Ne5+ 57. Kc3 Kg7 58. Rxh4 Ra7 59. Kc2 Ra2+ 60. Kb3 Rg2 61. Ne4 Re2 62. Ng5 Re3+ 63. Kb4 Re1 64. Kc5 Nd3+ 65. Kd4 Nf2 66. Rh7+ Kf6 67. Nf3 Re8 0-1


[Site "https://www.chess.com"]

[Event "Titled Tuesday Blitz May 10 Late 2022"]
[White "Rosen, Eric"]
[Black "Jakubowski, Krzysztof"]
[WhiteFideId "2032562"]
[BlackFideId "1112848"]
[WhiteElo "2362"]
[BlackElo "2365"]
[Result "1-0"]
[Round "09"]
[TimeControl "180+1"]
[Date "2022.05.10"]
[WhiteClock "0:00:58"]
[BlackClock "0:01:01"]

1. d4 Nf6 2. Bf4 b6 3. Nf3 Bb7 4. c4 e6 5. e3 Bb4+ 6. Nfd2 O-O 7. a3 Be7 8. Nc3 d5 9. cxd5 Nxd5 10. Nxd5 exd5 11. Bd3 c5 12. O-O Nd7 13. Qf3 Nf6 14. Rac1 Qd7 15. Be5 Rfd8 16. Bf5 Qb5 17. Rfd1 Bc8 18. Bb1 Bg4 19. Qg3 Bxd1 20. Rxd1 Qxb2 21. dxc5 bxc5 22. Bxb2 1-0


[Site "https://www.chess.com"]

[Event "Titled Tuesday Blitz May 10 Late 2022"]
[White "Sarana, Alexey"]
[Black "Riehle, Marco"]
[WhiteFideId "24133795"]
[BlackFideId "12904392"]
[WhiteElo "2666"]
[BlackElo "2462"]
[Result "1-0"]
[Round "09"]
[TimeControl "180+1"]
[Date "2022.05.10"]
[WhiteClock "0:00:29"]
[BlackClock "0:00:15"]

1. e4 e5 2. Nf3 Nf6 3. Nxe5 Nxe4 4. Qe2 Qe7 5. Qxe4 d6 6. d4 dxe5 7. dxe5 Nc6 8. Bb5 Bd7 9. O-O O-O-O 10. Re1 Nxe5 11. Bxd7+ Rxd7 12. Nc3 Nc6 13. Bf4 Qxe4 14. Nxe4 Be7 15. c3 Rhd8 16. g4 h6 17. Kg2 b6 18. a4 Kb7 19. Re2 Bf8 20. h4 Na5 21. h5 Nb3 22. Rae1 a5 23. Be3 Rd5 24. f3 f5 25. c4 Re5 26. Bf4 Re7 27. gxf5 Rf7 28. f6 gxf6 29. Ng3 Bb4 30. Re8 Rd4 31. R1e4 Rxe4 32. fxe4 Nd4 33. Bxh6 f5 34. Be3 Bc5 35. Bxd4 Bxd4 36. Nxf5 Bxb2 37. h6 Rd7 38. e5 Kc6 39. Kf3 Rh7 40. Re7 Rh8 41. Ke4 Kc5 42. Rxc7+ Kb4 43. h7 Kxa4 44. Nh4 b5 45. cxb5 Kxb5 46. Ng6 Re8 47. h8=Q Rxh8 48. Nxh8 1-0


[Site "https://www.chess.com"]

[Event "Titled Tuesday Blitz May 10 Late 2022"]
[White "Sargsyan, Anna M."]
[Black "Postny, Evgeny"]
[WhiteFideId "13308130"]
[BlackFideId "2804344"]
[WhiteElo "2271"]
[BlackElo "2500"]
[Result "0-1"]
[Round "09"]
[TimeControl "180+1"]
[Date "2022.05.10"]
[WhiteClock "0:00:15"]
[BlackClock "0:01:23"]

1. d4 Nf6 2. c4 e6 3. Nf3 Bb4+ 4. Bd2 Bxd2+ 5. Nbxd2 d6 6. g3 O-O 7. Bg2 Qe7 8. O-O e5 9. e3 Nc6 10. Re1 h6 11. d5 Nb4 12. Qb3 a5 13. a3 Na6 14. Qc2 Bd7 15. b3 Rab8 16. Qc3 Nc5 17. Qxa5 Bf5 18. Qc3 b5 19. b4 Nce4 20. Nxe4 Nxe4 21. Qc1 Qf6 22. cxb5 Bg4 23. Nh4 Qxf2+ 24. Kh1 Nxg3+ 25. hxg3 Qxg3 26. e4 Qxh4+ 27. Kg1 f5 28. Qxc7 f4 0-1


[Site "https://www.chess.com"]

[Event "Titled Tuesday Blitz May 10 Late 2022"]
[White "Shapiro, Daniel"]
[Black "Simonovic, Miroslav"]
[WhiteFideId "2001780"]
[BlackFideId "919152"]
[WhiteElo "2303"]
[BlackElo "2043"]
[Result "0-1"]
[Round "09"]
[TimeControl "180+1"]
[Date "2022.05.11"]
[WhiteClock "0:00:08"]
[BlackClock "0:00:05"]

1. d4 Nf6 2. c4 c5 3. d5 b5 4. cxb5 a6 5. e3 axb5 6. Bxb5 Qa5+ 7. Nc3 Bb7 8. Ne2 Nxd5 9. O-O Nf6 10. a4 e6 11. Ng3 Be7 12. e4 O-O 13. Re1 d5 14. exd5 Nxd5 15. Bd2 Qc7 16. Bd3 g6 17. Nb5 Qd7 18. Qb3 Rd8 19. Be4 Nc6 20. Bf3 Nd4 21. Nxd4 cxd4 22. a5 Rdb8 23. Qa4 Qxa4 24. Rxa4 Bf6 25. Ne4 Bg7 26. Nc5 Bc6 27. Ra2 Rb5 28. Nd3 Ne7 29. Bxc6 Nxc6 30. Rc1 Ra6 31. Nc5 Ra8 32. a6 Nb4 33. Ra4 Nd5 34. Rcc4 Be5 35. b4 Kg7 36. a7 Nb6 37. Ra5 Nxc4 38. Rxb5 Rxa7 39. Nd3 Ra1+ 40. Be1 Nb2 41. g3 Nxd3 42. Kg2 Rxe1 43. Kf3 Rd1 44. Ke2 Rc1 45. Kd2 Bf6 46. Kxd3 Rh1 47. h4 Rb1 48. f4 Be7 49. Rb7 Bxb4 50. Rd7 Bc3 51. Rd6 Rg1 52. Ke4 Rxg3 53. Rd7 Re3# 0-1


[Site "https://www.chess.com"]

[Event "Titled Tuesday Blitz May 10 Late 2022"]
[White "Sharbaf, Mohsen"]
[Black "Atanejhad, Sahebali"]
[WhiteFideId "12501808"]
[BlackFideId "12506664"]
[WhiteElo "2187"]
[BlackElo "1953"]
[Result "0-1"]
[Round "09"]
[TimeControl "180+1"]
[Date "2022.05.11"]
[WhiteClock "0:00:36"]
[BlackClock "0:01:07"]

1. c4 Nf6 2. g3 c5 3. Bg2 Nc6 4. Nc3 g6 5. Nf3 Bg7 6. O-O O-O 7. d3 d5 8. Nxd5 Nxd5 9. cxd5 Qxd5 10. Be3 Qd6 11. Qc2 Nd4 12. Bxd4 cxd4 13. Rac1 Be6 14. a3 Rac8 15. Qd2 h6 16. Rxc8 Rxc8 17. Rc1 Rc5 18. h4 Qc7 19. Rxc5 Qxc5 20. Qb4 b6 21. Qxc5 bxc5 22. Nd2 Kf8 23. Bc6 Bg4 24. Kf1 e5 25. Ne4 Ke7 26. Ba4 c4 27. dxc4 f5 28. Nd2 e4 29. b4 d3 30. exd3 exd3 31. Kg2 Bc3 32. Nf3 Kd6 33. c5+ Kd5 34. Bb3+ Kc6 35. Bf7 g5 36. hxg5 hxg5 37. Nxg5 d2 38. Bb3 d1=Q 39. Bxd1 Bxd1 40. Ne6 Bb2 41. a4 Bxa4 42. f3 Bc3 43. g4 fxg4 44. fxg4 Bxb4 45. g5 Kd5 46. Nf4+ Ke5 47. Nd3+ Kd4 48. Nxb4 Kxc5 49. Nd3+ Kd4 50. Nb4 Kc4 51. Nc2 Bxc2 0-1


[Site "https://www.chess.com"]

[Event "Titled Tuesday Blitz May 10 Late 2022"]
[White "Shimanov, Aleksandr"]
[Black "Skliarov, Viktor"]
[WhiteFideId "4198603"]
[BlackFideId "14106736"]
[WhiteElo "2605"]
[BlackElo "2229"]
[Result "1-0"]
[Round "09"]
[TimeControl "180+1"]
[Date "2022.05.10"]
[WhiteClock "0:01:24"]
[BlackClock "0:00:38"]

1. e4 c5 2. Nf3 Nc6 3. Bc4 g6 4. O-O Bg7 5. c3 Nf6 6. e5 Ng4 7. d4 cxd4 8. cxd4 O-O 9. h3 Nh6 10. d5 Nb8 11. Nc3 a6 12. a4 d6 13. e6 fxe6 14. dxe6 Nc6 15. Re1 Nf5 16. Nd5 b6 17. Ra3 Bb7 18. Rd3 Na5 19. Ba2 b5 20. g4 Nh6 21. Bg5 Bxd5 22. Bxd5 Kh8 23. Bxa8 Qxa8 24. Bxe7 Re8 25. Rxd6 1-0


[Site "https://www.chess.com"]

[Event "Titled Tuesday Blitz May 10 Late 2022"]
[White "Sjugirov, Sanan"]
[Black "Erdogdu, Mert"]
[WhiteFideId "4189302"]
[BlackFideId "6301495"]
[WhiteElo "2602"]
[BlackElo "2451"]
[Result "1-0"]
[Round "09"]
[TimeControl "180+1"]
[Date "2022.05.10"]
[WhiteClock "0:01:15"]
[BlackClock "0:00:47"]

1. Nf3 d5 2. e3 c5 3. b3 Nf6 4. Bb2 g6 5. c4 Bg7 6. cxd5 Qxd5 7. Bc4 Qd6 8. O-O O-O 9. Nc3 Nc6 10. d4 cxd4 11. Nb5 Qd8 12. Nbxd4 Bd7 13. Nxc6 Bxc6 14. Ne5 Bd5 15. Rc1 Rc8 16. Bd4 a6 17. Qe2 Bxc4 18. Rxc4 Qd5 19. Rfc1 Rxc4 20. Qxc4 Rd8 21. Qc7 Bf8 22. f3 Ne8 23. Qb6 Bg7 24. Rc5 Qd6 25. Qxb7 Bxe5 26. Rxe5 Rd7 27. Qc8 Rd8 28. Qc5 f6 29. Rxe7 Qxc5 30. Bxc5 f5 31. Bd4 f4 32. Kf2 fxe3+ 33. Kxe3 Nd6 34. g4 Nb5 35. Be5 Rd1 36. a4 Na3 37. Rg7+ Kf8 38. Rxh7 Nc2+ 39. Kf4 Rd3 40. h4 Rxb3 41. h5 gxh5 42. g5 Ne1 43. g6 Rxf3+ 44. Ke4 Rf2 45. Rh8+ Ke7 46. g7 Re2+ 47. Kd5 1-0


[Site "https://www.chess.com"]

[Event "Titled Tuesday Blitz May 10 Late 2022"]
[White "Stanisz, Patryk"]
[Black "Remolar Gallen, Jose"]
[WhiteFideId "1123106"]
[BlackFideId "2215187"]
[WhiteElo "1833"]
[BlackElo "2205"]
[Result "0-1"]
[Round "09"]
[TimeControl "180+1"]
[Date "2022.05.11"]
[WhiteClock "0:00:01"]
[BlackClock "0:00:05"]

1. Nf3 Nf6 2. d4 g6 3. g3 Bg7 4. Bg2 O-O 5. O-O d6 6. b3 a5 7. a4 Nc6 8. Bb2 Bf5 9. Nbd2 Ne4 10. e3 Nxd2 11. Qxd2 Be4 12. Rfe1 d5 13. Ba3 Re8 14. Nh4 Bxg2 15. Nxg2 e5 16. dxe5 Nxe5 17. Qe2 Qf6 18. f4 Nc6 19. Rad1 Rad8 20. Qb5 Qe6 21. Qxb7 Bc3 22. Rf1 d4 23. exd4 Nxd4 24. Kh1 Ne2 25. Bc5 Rxd1 26. Rxd1 Qg4 27. Qd5 Bd4 28. Rxd4 Nxd4 29. Qxd4 Qf3 30. Qd1 Re2 0-1


[Site "https://www.chess.com"]

[Event "Titled Tuesday Blitz May 10 Late 2022"]
[White "Stoleriu, George"]
[Black "Petrovskyi, Vadym"]
[WhiteFideId "1227505"]
[BlackFideId "14165210"]
[WhiteElo "2194"]
[BlackElo "2400"]
[Result "0-1"]
[Round "09"]
[TimeControl "180+1"]
[Date "2022.05.10"]
[WhiteClock "0:00:08"]
[BlackClock "0:00:33"]

1. e4 c5 2. Nf3 d6 3. Bb5+ Bd7 4. c4 e5 5. Nc3 Be7 6. O-O Nf6 7. d3 O-O 8. a3 Nc6 9. Bxc6 Bxc6 10. b4 b6 11. h3 Ne8 12. Nd5 Bxd5 13. cxd5 f5 14. Nd2 Nc7 15. Bb2 fxe4 16. dxe4 Nb5 17. Nc4 Nd4 18. Bxd4 exd4 19. b5 Rf4 20. Qd3 Qe8 21. Rae1 Qxb5 22. e5 dxe5 23. Rxe5 Qd7 24. d6 Bxd6 25. Rd5 Rf6 26. Kh1 Qc6 27. Rh5 g6 28. Rh4 Raf8 29. Rg4 Bc7 30. f3 b5 31. Nd2 a6 32. Ne4 Rf4 33. Rg5 R4f5 34. Rg4 Qd5 35. Rc1 c4 36. Qd2 d3 37. Qh6 Qf7 38. Re1 Bf4 39. Qh4 d2 40. Rd1 h5 41. Rxf4 Rxf4 42. Qf2 Rxe4 0-1


[Site "https://www.chess.com"]

[Event "Titled Tuesday Blitz May 10 Late 2022"]
[White "Stremavicius, Titas"]
[Black "Rustemov, Alexander"]
[WhiteFideId "12804444"]
[BlackFideId "4119002"]
[WhiteElo "2404"]
[BlackElo "2751"]
[Result "0-1"]
[Round "09"]
[TimeControl "180+1"]
[Date "2022.05.10"]
[WhiteClock "0:00:03"]
[BlackClock "0:00:30"]

1. f4 d5 2. Nf3 Nf6 3. g3 g6 4. Bg2 Bg7 5. O-O O-O 6. d3 c5 7. Qe1 Nc6 8. e4 dxe4 9. dxe4 Nd4 10. e5 Nxc2 11. Qf2 Nxa1 12. exf6 Bxf6 13. Be3 Bf5 14. Na3 Qd3 15. Rxa1 Bxb2 16. Qxb2 Qxe3+ 17. Kh1 Rad8 18. Re1 Qd3 19. g4 Bxg4 20. Ne5 Qf5 21. Qxb7 Qxf4 22. Nc6 Qf2 23. Rf1 Rd1 24. Nxe7+ Kg7 25. Rxd1 Bxd1 26. Qe4 Rd8 27. h3 Rd2 28. Nc4 Re2 29. Qe3 Rxe3 0-1


[Site "https://www.chess.com"]

[Event "Titled Tuesday Blitz May 10 Late 2022"]
[White "Svane, Frederik"]
[Black "Peralta, Eduardo"]
[WhiteFideId "12923044"]
[BlackFideId "3700062"]
[WhiteElo "2459"]
[BlackElo "2125"]
[Result "1-0"]
[Round "09"]
[TimeControl "180+1"]
[Date "2022.05.10"]
[WhiteClock "0:01:27"]
[BlackClock "0:00:25"]

1. c4 c5 2. Nc3 Nc6 3. g3 g6 4. Bg2 Bg7 5. Nf3 Nf6 6. O-O O-O 7. d4 d6 8. d5 Na5 9. Qd3 a6 10. b3 e5 11. dxe6 Bxe6 12. Ng5 Bf5 13. e4 Bg4 14. Bb2 h6 15. Nf3 Nc6 16. h3 Bxf3 17. Bxf3 Qe7 18. Bg2 Rab8 19. Rad1 Nd4 20. Ne2 Nxe2+ 21. Qxe2 b5 22. Rfe1 bxc4 23. Qxc4 a5 24. e5 dxe5 25. Rxe5 Qa7 26. Qxc5 Qxc5 27. Rxc5 a4 28. Bxf6 Bxf6 29. bxa4 Rb2 30. Bd5 Bd8 31. Rb5 Rxb5 32. axb5 Bb6 33. Bb3 Kg7 34. Rd7 h5 35. Rb7 Ba5 36. a4 Kf6 37. Kg2 Bb4 38. Rc7 Ba5 39. b6 Ke5 40. Rc5+ Kd6 41. Rxa5 Kc6 42. Rb5 Kb7 43. Bd5+ Kb8 44. Ra5 1-0


[Site "https://www.chess.com"]

[Event "Titled Tuesday Blitz May 10 Late 2022"]
[White "Svane, Rasmus"]
[Black "Maksimovic, Bojan"]
[WhiteFideId "4657101"]
[BlackFideId "14408120"]
[WhiteElo "2674"]
[BlackElo "2448"]
[Result "0-1"]
[Round "09"]
[TimeControl "180+1"]
[Date "2022.05.10"]
[WhiteClock "0:00:01"]
[BlackClock "0:00:03"]

1. Nf3 Nf6 2. g3 g6 3. Bg2 Bg7 4. O-O O-O 5. d4 d6 6. Re1 Bf5 7. Nc3 Ne4 8. Nxe4 Bxe4 9. c3 Nd7 10. Bh3 b6 11. a4 a6 12. Qb3 Nf6 13. Bf4 Bd5 14. Qc2 Be4 15. Qb3 Bd5 16. Qc2 Be4 17. Qd1 c5 18. Nd2 Bb7 19. e4 cxd4 20. cxd4 Nd7 21. Be3 Rc8 22. Qb3 e6 23. Rac1 Qe7 24. Bf1 Rfd8 25. Bd3 h6 26. Rc3 e5 27. d5 Nc5 28. Qc2 f5 29. exf5 Nxd3 30. Qxd3 Rxc3 31. bxc3 gxf5 32. Qxf5 Bxd5 33. Bxb6 Rf8 34. Qd3 Ba8 35. c4 Qb7 36. Qd5+ Qxd5 37. cxd5 Bxd5 38. Bc7 Rf6 39. Ne4 Bxe4 40. Rxe4 Bf8 41. Rc4 Kf7 42. Rc6 d5 43. Rc2 Ke6 44. Rb2 e4 45. Rb6+ Kf7 46. Rb7 Ke6 47. Bd8 Rf7 48. Rb6+ Bd6 49. Rxa6 Ke5 50. a5 Bc5 51. Bb6 Bxb6 52. Rxb6 d4 53. a6 d3 54. Rb5+ Kd4 55. Kf1 e3 56. f4 Ke4 57. Ra5 Rc7 58. Ra1 Kf3 59. a7 e2+ 60. Ke1 Ke3 61. Ra3 Rc1# 0-1


[Site "https://www.chess.com"]

[Event "Titled Tuesday Blitz May 10 Late 2022"]
[White "Tanenbaum, Zachary"]
[Black "Kanyamarala, Tarun"]
[WhiteFideId "2060850"]
[BlackFideId "45004714"]
[WhiteElo "2682"]
[BlackElo "2538"]
[Result "0-1"]
[Round "09"]
[TimeControl "180+1"]
[Date "2022.05.11"]
[WhiteClock "0:00:06"]
[BlackClock "0:00:03"]

1. e4 d6 2. d4 Nf6 3. Nc3 e5 4. Nf3 exd4 5. Nxd4 Be7 6. Bc4 O-O 7. Bb3 Na6 8. O-O Nc5 9. Re1 Nxb3 10. axb3 c6 11. Bf4 h6 12. Qd2 Ng4 13. Rad1 Bh4 14. Re2 Ne5 15. Qe3 Re8 16. Bxe5 dxe5 17. Nxc6 bxc6 18. Rxd8 Bxd8 19. Rd2 Bg5 20. Qe2 Bg4 21. f3 Bxd2 22. Qxd2 Be6 23. Qd6 Rad8 24. Qxc6 Re7 25. Qc5 Red7 26. Qxe5 Rd2 27. Qa5 R8d7 28. f4 Rxc2 29. Nd5 Bxd5 30. exd5 Rc1+ 31. Kf2 Rd1 32. Qc3 R1xd5 33. h3 Rd1 34. Qc8+ Kh7 35. Kg3 g6 36. b4 Kg7 37. Qc3+ Kh7 38. Kh2 Rf1 39. Qc4 Rfd1 40. b5 h5 41. Qc5 R1d4 42. f5 R4d5 43. fxg6+ fxg6 44. Qb4 Rb7 45. Qc4 Rdxb5 46. Qd4 Rxb2 47. h4 R2b4 48. Qd5 Rxh4+ 49. Kg3 Rhb4 50. Kh3 Rb3+ 51. g3 R3b6 52. Qa5 Rc7 53. Kh4 Rf7 54. Kh3 Rbf6 55. Kh4 Rf1 56. Kh3 Kh6 57. Qa4 R1f5 58. Qa6 R5f6 59. Qa5 Kh7 60. Kh4 Re6 61. Kh3 Re3 62. Kh4 Ref3 63. Kh3 Kh6 64. Kh4 R3f6 65. Kh3 a6 66. Kh4 Kg7 67. Kh3 Rb7 68. Kh4 Rb5 69. Qc7+ Rf7 70. Qc3+ Kh7 71. Qc4 Rfb7 72. Kh3 a5 73. Qa4 Rf5 74. Qe4 Rbf7 75. Qa4 Kg7 76. Qa1+ R5f6 77. Qa4 Kh6 78. Qxa5 Rf1 79. Kg2 R7f2+ 80. Kh3 Rh1# 0-1


[Site "https://www.chess.com"]

[Event "Titled Tuesday Blitz May 10 Late 2022"]
[White "Vajda, Levente"]
[Black "RestartingChess"]
[WhiteFideId "1203975"]
[WhiteElo "2573"]
[BlackElo "2512"]
[Result "1-0"]
[Round "09"]
[TimeControl "180+1"]
[Date "2022.05.10"]
[WhiteClock "0:00:17"]
[BlackClock "0:00:33"]

1. e4 c6 2. d4 d5 3. exd5 cxd5 4. c4 Nf6 5. Nc3 g6 6. cxd5 Nxd5 7. Qb3 Nxc3 8. Bc4 e6 9. bxc3 Bg7 10. Ba3 Nc6 11. Nf3 Na5 12. Bb5+ Bd7 13. Qa4 b6 14. O-O Bxb5 15. Qxb5+ Qd7 16. Qe2 Rc8 17. Ne5 Qd5 18. Qa6 Rxc3 19. Bb4 Rc7 20. Rac1 Bxe5 21. dxe5 Nc6 22. Bd6 Rd7 23. Rfd1 Qa5 24. Qc8+ Nd8 25. h3 Qa4 26. Rd3 f5 27. Ra3 Qb5 28. Rb3 Qa4 29. Rb4 Qa5 30. Rc7 Rxd6 31. exd6 Qxb4 32. Re7+ Kf8 33. Qxd8# 1-0


[Site "https://www.chess.com"]

[Event "Titled Tuesday Blitz May 10 Late 2022"]
[White "Vasquez Schroeder, Rodrigo"]
[Black "Sadhwani, Raunak"]
[WhiteFideId "3400042"]
[BlackFideId "35093487"]
[WhiteElo "2567"]
[BlackElo "2616"]
[Result "0-1"]
[Round "09"]
[TimeControl "180+1"]
[Date "2022.05.10"]
[WhiteClock "0:00:19"]
[BlackClock "0:00:36"]

1. e4 e5 2. Nf3 Nc6 3. Bb5 Nge7 4. O-O Ng6 5. Nc3 a6 6. Bxc6 dxc6 7. d3 Bd6 8. h3 O-O 9. Be3 c5 10. Ne2 f6 11. Ng3 Be6 12. b3 Qd7 13. Nh2 b5 14. Qh5 c4 15. dxc4 bxc4 16. Rfd1 Nf4 17. Qf3 Ng6 18. Ng4 Nh4 19. Qe2 Qb5 20. Qe1 Rad8 21. Rab1 cxb3 22. axb3 Bb4 23. Qf1 Qxf1+ 24. Kxf1 c5 25. Ne2 c4 26. c3 Be7 27. b4 Rd3 28. Ra1 h5 29. Nh2 Rfd8 30. Rdc1 f5 31. exf5 Nxf5 32. Bb6 Rf8 33. Nf3 e4 34. Ne5 Bf6 35. Nxd3 cxd3 36. Nf4 Bc4 37. Ke1 Bg5 38. g3 h4 39. Ng6 d2+ 0-1


[Site "https://www.chess.com"]

[Event "Titled Tuesday Blitz May 10 Late 2022"]
[White "Vega Gutierrez, Sabrina"]
[Black "Hnydiuk, Aleksander"]
[WhiteFideId "2219026"]
[BlackFideId "1109057"]
[WhiteElo "2495"]
[BlackElo "2592"]
[Result "0-1"]
[Round "09"]
[TimeControl "180+1"]
[Date "2022.05.11"]
[WhiteClock "0:00:01"]
[BlackClock "0:01:54"]

1. e4 c5 2. Nf3 e6 3. d4 cxd4 4. Nxd4 Nc6 5. Nc3 a6 6. Be2 d6 7. O-O Nf6 8. Be3 Bd7 9. f4 b5 10. a3 Be7 11. Kh1 O-O 12. Qe1 Qb8 13. Rd1 Nxd4 14. Bxd4 e5 15. Be3 Bc6 16. Nd5 Bxd5 17. exd5 Nd7 18. Bg4 Rd8 19. Bxd7 Rxd7 20. fxe5 dxe5 21. Qg3 Bd6 22. Qf3 Qb7 23. c3 Re8 24. Rd2 f6 25. Rfd1 Qc8 26. Qf2 Qc4 27. Qe2 Rc8 28. Qxc4 bxc4 29. Kg1 Rb7 30. h3 Rcb8 31. Rb1 Kf7 32. Kf1 Ke8 33. Rdd1 Rxb2 0-1


[Site "https://www.chess.com"]

[Event "Titled Tuesday Blitz May 10 Late 2022"]
[White "Vlassov, Nikolai"]
[Black "Terry, Renato"]
[WhiteFideId "4103360"]
[BlackFideId "3803457"]
[WhiteElo "2407"]
[BlackElo "2577"]
[Result "0-1"]
[Round "09"]
[TimeControl "180+1"]
[Date "2022.05.10"]
[WhiteClock "0:00:02"]
[BlackClock "0:00:32"]

1. e4 e6 2. d4 d5 3. exd5 exd5 4. Nf3 Nc6 5. Bd3 Bd6 6. O-O Bg4 7. Re1+ Nge7 8. c3 Qd7 9. b4 O-O 10. b5 Na5 11. Nbd2 Bf5 12. Bf1 Ng6 13. Ne5 Bxe5 14. dxe5 Rfe8 15. Ba3 Nxe5 16. Bb4 Nac4 17. Nxc4 dxc4 18. Qxd7 Bxd7 19. f4 Nd3 20. Bxd3 cxd3 21. c4 h5 22. h3 Be6 23. Re4 a6 24. bxa6 bxa6 25. Rd1 Bf5 26. Rxe8+ Rxe8 27. Re1 Rd8 28. Re5 Be6 29. Bd2 Bxc4 30. a3 Rb8 31. Kf2 Rb5 32. Re8+ Kh7 33. Ke3 f6 34. g4 h4 35. Re7 c6 36. Bc3 Kg8 37. g5 Kf8 38. gxf6 gxf6 39. Rh7 Kg8 40. Rxh4 Rb3 41. Bd2 Rxa3 42. Kd4 Ra4 43. Kc3 Bb5 44. Rh6 Kg7 45. f5 Rc4+ 46. Kb3 Rc2 47. Rg6+ Kf7 48. Bh6 Rf2 49. Rg7+ Ke8 50. Rg8+ Kd7 51. Rg7+ Kd6 52. Rg8 Rxf5 53. Rd8+ Ke7 54. Rd4 Rh5 55. Bd2 Rxh3 56. Kb4 Rh5 57. Ka5 c5 58. Re4+ Re5 59. Rh4 Re2 60. Bc3 Rc2 0-1


[Site "https://www.chess.com"]